 Dungeon Crawl Stone Soup version 0.25.0-37-gb73750e0fb (webtiles) character file.

Game seed: 517998442388504528

99 Ethylacetat the Poker (level 4, -1/31 HPs)
             Began as an Octopode Gladiator on July 8, 2020.
             Slain by an adder (5 damage)
             ... on level 3 of the Dungeon.
             The game lasted 00:02:24 (2257 turns).

Ethylacetat the Poker (Octopode Gladiator)          Turns: 2257, Time: 00:02:25

Health: -1/31      AC:  1    Str: 14    XL:     4   Next: 72%
Magic:  0/4        EV: 14    Int: 10    God:
Gold:   92         SH:  0    Dex: 13    Spells: 3/3 levels left

rFire    . . .     SeeInvis .   a - +0 trident
rCold    . . .     Gourm    .   (no shield)
rNeg     . . .     Faith    .   b - +0 hat
rPois    .         Spirit   +   l - amulet of guardian spirit
rElec    .         Reflect  .   (no ring)
rCorr    .         Harm     .   (no ring)
MR       .....                  (no ring)
Stlth    ++........             (no ring)
HPRegen  0.10/turn              (no ring)
MPRegen  0.09/turn              (no ring)
                                (no ring)
                                (no ring)

@: no status effects
A: almost no armour, stealthy swim, amphibious, 8 rings, constrict 8, camouflage
1, gelatinous body 1
a: no special abilities


You were on level 3 of the Dungeon.
You were not hungry.

You visited 1 branch of the dungeon, and saw 3 of its levels.

You collected 92 gold pieces.

Inventory:

Hand Weapons
 a - a +0 trident (weapon)
Missiles
 c - 4 throwing nets (quivered)
Armour
 b - a +0 hat (worn)
 i - a cursed -2 buckler
Jewellery
 l - an amulet of guardian spirit (around mantle)
 r - a +4 ring of evasion {unknown}
Scrolls
 e - a scroll of blinking {unknown}
 g - a scroll of fear {unknown}
 h - 3 scrolls of amnesia {unknown}
 j - a scroll of remove curse {unknown}
 o - a scroll of enchant weapon {unknown}
 q - a scroll of random uselessness {unknown}
 t - a scroll of identify {unknown}
Potions
 k - a potion of magic {unknown}
 m - a potion of haste {unknown}
 n - a potion of mutation {unknown}
 p - a potion of might {unknown}
 s - a potion of brilliance {unknown}
Comestibles
 d - 7 rations
 f - a chunk of flesh


   Skills:
 + Level 3.1 Fighting
 * Level 4.6 Polearms
 - Level 2.0 Throwing
 - Level 3.0 Dodging


You had 3 spell levels left.
You didn't know any spells.
Your spell library was empty.

Dungeon Overview and Level Annotations

Branches:
Dungeon (3/15)

Altars:
Elyvilon
Wu Jian
Xom
The Shining One


Innate Abilities, Weirdness & Mutations

You cannot wear most types of armour.
You are very stealthy in the water. (Stealth+)
You are amphibious.
You can wear up to eight rings at the same time.
You can use your tentacles to constrict eight enemies at once.
Your skin changes colour to match your surroundings (Stealth+).
Your rubbery body absorbs attacks. (AC +1, EV +1)


Message History

The goblin hits you with a +0 dagger. The orc hits you with a +0 hand axe.
The adder bites you.
You hit the orc but do no damage.
The orc is moderately wounded.
You constrict the orc. The goblin hits you with a +0 dagger.
The orc escapes!
The adder closely misses you.
The orc wizard gestures at you while chanting.
The puff of frost hits you!
* * * LOW HITPOINT WARNING * * *
You barely miss the orc. Your grab misses the orc. The goblin misses you.
The orc hits you with a +0 flail.
* * * LOW HITPOINT WARNING * * *
The adder closely misses you. The orc hits you with a +0 hand axe.
* * * LOW HITPOINT WARNING * * *
The orc wizard looks braver for a moment.
You puncture the orc!
You kill the orc!
The adder bites you but does no damage. The goblin closely misses you.
The orc misses you. The adder bites you.
You die...

......≈≈≈≈≈≈≈≈≈..........###.
#......≈≈≈≈≈....#....<.## #.
#..............)#.###### #.
#......##.##......##########
#..........................#
###.####.####.####.........#
.. #...##.# #.......... ...
...###)##.####).....<..# ..
......oo@So.............# .
....####og..###.........# ..
#.....##..........
#.....##..[......#
......#######(#### ......# #.
....... ## .......##


You could see an orc wizard, an adder, 3 orcs and a goblin.

Vanquished Creatures
  7 adders
  2 dart slugs
  2 leopard geckos
  An orc (D:3)
  A bat (D:2)
  2 giant cockroaches
  A goblin (D:1)
  2 hobgoblins
  9 kobolds
  A frilled lizard (D:1)
  5 rats
33 creatures vanquished.

Notes
Turn   | Place    | Note
-------+----------+-------------------------------------------
     0 | D:1      | Ethylacetat the Octopode Gladiator began the quest for the
                  | Orb.
     0 | D:1      | Reached XP level 1. HP: 14/14 MP: 1/1
   190 | D:1      | Reached XP level 2. HP: 19/19 MP: 2/2
   780 | D:2      | Reached XP level 3. HP: 22/25 MP: 1/3
  1017 | D:2      | Found an ornate altar of the Wu Jian Council.
  1064 | D:2      | Reached skill level 4 in Polearms
  1203 | D:2      | Found a white marble altar of Elyvilon.
  1252 | D:2      | Found a glowing golden altar of the Shining One.
  1595 | D:2      | Reached XP level 4. HP: 29/30 MP: 4/4
  2229 | D:3      | Found a shimmering altar of Xom.
  2257 | D:3      | Slain by an adder

Illustrated notes

Levels and vault maps discovered:
D:1:      minmay_arrival_nine_rooms, layout_loops_ring, due_unseen_surprise
D:2:      layout_basic, lemuel_doored_altar, nicolae_overflow_hidden_temple,
          lemuel_coloured_pillars_altar, solitary_fountain
D:3:      layout_rooms, lemuel_zombie_altar_kikubaaqudgha,
          chequers_ecumenical_altar_grove, lemuel_altar_in_water

Skill      XL: |  1  2  3  4 |
---------------+-------------+-----
Polearms       | 4 |  4.6
Fighting       | 3 |  3.1
Throwing       | |  2.0
Dodging        | |  3.0

Action                   |  1- 3 |  4- 6 || total
-------------------------+-------+-------++-------
Melee: Trident           |    54 |    27 ||    81
       Constrict         |    11 |     5 ||    16
       Tentacles         |     9 |     3 ||    12
 Stab: Sleeping          |     5 |     4 ||     9
  Eat: Chunk             |     2 |     2 ||     4
Armor: Skin              |     2 |     2 ||     4
Dodge: Dodged            |    25 |    19 ||    44
